 Dungeon Crawl Stone Soup version 0.27.1-1-g398f81649c (webtiles) character file.

Game seed: 3164922966383518684

16762 Borgoz the Carver (level 12, 0/78 HPs)
             Began as a Gargoyle Berserker on Sept 19, 2021.
             Was a High Priest of Trog.
             Slain by a titanic slime creature (16 damage)
             ... on level 12 of the Dungeon on Sept 20, 2021.
             The game lasted 00:16:51 (10184 turns).

Borgoz the Carver (Gargoyle Berserker)             Turns: 10184, Time: 00:16:51

Health: 0/78       AC: 27    Str: 29    XL:     12   Next: 40%
Magic:  0/12       EV: 17    Int: 10    God:    Trog [*****.]
Gold:   712        SH:  0    Dex: 13    Spells: 11/11 levels left

rFire    . . .     SeeInvis .   E - +1 great sword (vorpal)
rCold    . . .     Faith    .   (shield currently unavailable)
rNeg     + . .     Spirit   +   s - +5 scale mail of the Learner {Int+3}
rPois    ∞         Reflect  .   t - +0 helmet
rElec    +         Harm     .   (no cloak)
rCorr    .         Rampage  .   (no gloves)
Will     ++...                  H - +2 pair of boots
Stlth    ..........             d - amulet of guardian spirit
HPRegen  1.23/turn              v - +4 ring of evasion
MPRegen  0.13/turn              h - +6 ring of strength

@: strong-willed, regenerating
A: sickness immunity, AC +8, negative energy resistance 1, electricity
resistance, torment resistance 1, petrification resistance
a: Renounce Religion, Berserk, Trog's Hand, Brothers in Arms


You were on level 12 of the Dungeon.
You worshipped Trog.
Trog was extremely pleased with you.
You visited 1 branch of the dungeon, and saw 12 of its levels.
You also visited: Sewer.

You collected 712 gold pieces.

Inventory:

Hand Weapons
 a - a +1 falchion of electrocution
 b - a +3 scimitar of flaming
 q - a +5 vorpal triple sword
 E - a +1 vorpal great sword (weapon)
Missiles
 A - 12 throwing nets (quivered)
Armour
 g - a +1 ring mail of fire resistance
 s - the +5 scale mail of the Learner (worn) {Int+3}
   (You found it on level 4 of the Dungeon)

   Int:       It affects your intelligence (+3).
 t - a +0 helmet (worn)
 H - a +2 pair of boots (worn)
Jewellery
 c - a ring of resist corrosion
 d - an amulet of guardian spirit (around neck)
 f - an amulet of reflection
 h - a +6 ring of strength (right hand)
 v - a +4 ring of evasion (left hand)
 x - a ring of ice
 G - a +4 ring of evasion
Wands
 n - a wand of paralysis (20)
 u - a wand of iceblast (2)
 D - a wand of digging (7)
Scrolls
 i - 3 scrolls of fog
 k - 2 scrolls of blinking
 m - 2 scrolls of enchant weapon
 r - 6 scrolls of enchant armour
 y - a scroll of magic mapping {unknown}
 z - 2 scrolls of acquirement {unknown}
 F - 4 scrolls of teleportation {unknown}
Potions
 e - 8 potions of curing
 j - a potion of cancellation
 l - 4 potions of magic
 o - 3 potions of heal wounds
 p - 4 potions of berserk rage
 w - 2 potions of attraction
 B - a potion of resistance
 C - 2 potions of ambrosia


   Skills:
 + Level 10.3 Fighting
 * Level 11.8 Long Blades
 + Level 10.1 Armour
 + Level 7.7 Dodging


You had 11 spell levels left.
You didn't know any spells.
Your spell library was empty.

Dungeon Overview and Level Annotations

Branches:
Dungeon (12/15)            Temple (0/1) D:7            Lair (0/6) D:11
    Orc (0/2) D:11          Sewer (visited)

Altars:
Elyvilon
Vehumet

Shops:
D:2 (   D:3 ?

Annotations:
D:12 1 runed translucent door, Crownlay's ghost, journeyman HOFi


Innate Abilities, Weirdness & Mutations

You are immune to sickness and miasma.
Your stone body is resilient. (AC +8)
You are immune to poison.
You resist negative energy. (rN+)
You are resistant to electric shocks. (rElec)
You are resistant to unholy torment.
You are immune to petrification.


Message History

You hit the titanic slime creature.
The titanic slime creature is heavily wounded.
The slime creature misses you.
You riposte.
You hit the slime creature.
The slime creature is almost dead.
The helpless titanic slime creature fails to defend itself.
You slash the titanic slime creature!
The titanic slime creature is heavily wounded.
The slime creature hits you but does no damage.
The helpless titanic slime creature fails to defend itself.
You slice the titanic slime creature like a ripe choko!!!
The titanic slime creature is severely wounded.
The slime creature barely misses you.
The helpless titanic slime creature fails to defend itself.
You slice the titanic slime creature like a ripe choko!!!
The titanic slime creature is severely wounded.
The titanic slime creature is no longer paralysed.
The slime creature hits you but does no damage.
A titanic slime creature splits.
The slime creature hits you!
* * * LOW HITPOINT WARNING * * *
Two slime creatures merge to form an enormous slime creature.
A large slime creature splits.
Okay, then.
Okay, then.
Your skin crawls.
You feel strong-willed.
Two slime creatures merge to form a titanic slime creature.
Okay, then.
Okay, then.
Okay, then.
Aiming: Paralyse
Press: ? - help, Shift-Dir - straight line, f - titanic slime creature
Aim: a titanic slime creature (severely wounded, chance to affect: 28%)
The titanic slime creature easily resists.
Aiming: Paralyse
Press: ? - help, Shift-Dir - straight line, f/p - titanic slime creature
Aim: a titanic slime creature (severely wounded, chance to affect: 28%)
The titanic slime creature easily resists.
The titanic slime creature hits you!!
You die...

#........# #........#
##+#........###
#####.......#'##..#
#P8P#^......#.....#
#$}W#.......'.....+
##+##.......#.....#
....#.......#....########
....#.......#...@##.....#
............#....J.J....#
##.###'##...###+###.....#
...#....#.#.......#.....########
...#....#.#.......+........!....
...#....#.#(......#.............
...#....#.#.......#.............
...#....#.#.......#.............
...######.#.......########......


You could see a titanic slime creature and a slime creature.

Vanquished Creatures
  Josephine (D:10)
  A boulder beetle (D:12)
  Fannar (D:11)
  A hydra (D:11)
  Erica (D:9)
  3 two-headed ogres
  A cyclops (D:12)
  A gargoyle (D:12)
  An unseen horror (D:11)
  2 komodo dragons (D:11)
  Psyche (D:12)
  A kobold demonologist (D:9)
  3 trolls
  Grinder (D:6)
  5 wyverns
  6 wraiths
  2 shadows
  9 yaks
  2 acid dragons
  4 water moccasins (D:11)
  Purgy (Sewer)
  2 orc warriors
  An ice beast (D:7)
  A sky beast (D:8)
  5 ogres
  4 centaurs
  A phantom (D:5)
  3 kobold brigands
  4 gnoll sergeants (D:7)
  3 scorpions
  4 bullfrogs
  3 water moccasin skeletons
  6 wights
  An electric eel (D:7)
  A howler monkey (D:4)
  4 centaur zombies
  2 bullfrog zombies
  2 gnoll shamans (D:7)
  An orc priest (D:5)
  8 hounds
  3 bullfrog skeletons
  2 iguanas (D:5)
  11 orc wizards
  A howler monkey zombie (D:10)
  27 gnolls
  11 adders
  A shadow imp (D:7)
  A white imp (D:6)
  An ufetubus (D:6)
  2 adder skeletons
  A dart slug (D:3)
  53 orcs
  12 bats
  4 endoplasms
  6 giant cockroaches
  4 goblins
  7 hobgoblins
  9 jackals
  4 quokkas (D:6)
  6 ball pythons
  3 frilled lizards
  A jackal skeleton (D:4)
  17 kobolds
  5 rats
296 creatures vanquished.

Vanquished Creatures (others)
  A fungus (D:11)
  8 plants (D:11)
9 creatures vanquished.

Grand Total: 305 creatures vanquished

Notes
Turn   | Place    | Note
-------+----------+-------------------------------------------
     0 | D:1      | Borgoz the Gargoyle Berserker began the quest for the Orb.
     0 | D:1      | Reached XP level 1. HP: 14/14 MP: 1/1
   190 | D:1      | Found a faded altar of an unknown god.
   417 | D:1      | Reached XP level 2. HP: 19/19 MP: 2/2
   520 | D:2      | Reached skill level 3 in Long Blades
   523 | D:2      | Reached XP level 3. HP: 22/23 MP: 3/3
   590 | D:2      | Found Fajem's Antique Weapon Boutique.
  1099 | D:2      | Found a white marble altar of Elyvilon.
  1433 | D:3      | Reached XP level 4. HP: 28/29 MP: 4/4
  1752 | D:3      | Reached ** piety under Trog
  1980 | D:3      | Found Miqeziuji's Magic Scroll Shop.
  2387 | D:4      | Reached XP level 5. HP: 33/33 MP: 3/5
  2433 | D:4      | Noticed an ogre
  2450 | D:4      | Reached skill level 4 in Long Blades
  2453 | D:4      | Killed an ogre
  2454 | D:4      | Reached XP level 6. HP: 19/39 MP: 1/6
  3043 | D:4      | Identified the +5 scale mail of the Learner {Int+3}
  3300 | D:5      | Entered Level 5 of the Dungeon
  3307 | D:5      | Reached XP level 7. HP: 37/44 MP: 5/7
  3313 | D:5      | Reached skill level 5 in Long Blades
  3327 | D:5      | Reached skill level 5 in Fighting
  3706 | D:5      | Reached XP level 8. HP: 45/49 MP: 6/8
  3874 | D:5      | Reached *** piety under Trog
  3928 | D:6      | Reached skill level 6 in Long Blades
  3928 | D:6      | Reached skill level 5 in Armour
  4017 | D:6      | Found a glowing drain.
  4107 | Sewer    | Entered a sewer
  4129 | Sewer    | Noticed Purgy
  4136 | Sewer    | Killed Purgy
  4279 | D:6      | Noticed Grinder
  4294 | D:6      | Killed Grinder
  4704 | D:7      | Noticed a wyvern
  4713 | D:7      | Killed a wyvern
  4714 | D:7      | Reached skill level 7 in Long Blades
  4714 | D:7      | Reached XP level 9. HP: 51/56 MP: 7/9
  4956 | D:7      | Reached **** piety under Trog
  5137 | D:7      | Reached skill level 8 in Long Blades
  5137 | D:7      | Reached skill level 5 in Dodging
  5221 | D:7      | Found a staircase to the Ecumenical Temple.
  5587 | D:7      | Reached ***** piety under Trog
  5671 | D:8      | Found a radiant altar of Vehumet.
  5761 | D:8      | Reached XP level 10. HP: 55/63 MP: 10/10
  6104 | D:8      | Received a gift from Trog
  6450 | D:9      | Noticed a kobold demonologist
  6460 | D:9      | Reached skill level 9 in Long Blades
  6464 | D:9      | Noticed an orange demon
  6465 | D:9      | Killed a kobold demonologist
  6629 | D:9      | Noticed Erica
  6642 | D:9      | Killed Erica
  7280 | D:10     | Entered Level 10 of the Dungeon
  7280 | D:10     | Noticed Josephine
  7280 | D:10     | Noticed a two-headed ogre
  7292 | D:10     | Killed Josephine
  7293 | D:10     | Reached skill level 10 in Long Blades
  7293 | D:10     | Reached XP level 11. HP: 69/69 MP: 9/11
  7297 | D:10     | Killed a two-headed ogre
  7602 | D:10     | Identified the +3 quarterstaff "Daeqoxti" {protect, rF+
                  | SInv}
  8112 | D:11     | Noticed a six-headed hydra
  8121 | D:11     | Killed a one-headed hydra
  8262 | D:11     | Reached skill level 11 in Long Blades
  8351 | D:11     | Found a staircase to the Lair.
  8608 | D:11     | Found a staircase to the Orcish Mines.
  8612 | D:11     | Received a gift from Trog
  9143 | D:11     | Noticed Fannar
  9153 | D:11     | Killed Fannar
  9154 | D:11     | Reached skill level 10 in Fighting
  9154 | D:11     | Reached XP level 12. HP: 52/77 MP: 6/12
  9368 | D:12     | Noticed a two-headed ogre
  9376 | D:12     | Killed a two-headed ogre
  9471 | D:12     | Noticed Psyche
  9473 | D:12     | Killed Psyche
  9545 | D:12     | Noticed a two-headed ogre
  9552 | D:12     | Killed a two-headed ogre
  9758 | D:12     | Noticed a boulder beetle
  9765 | D:12     | Killed a boulder beetle
  9766 | D:12     | Reached skill level 10 in Armour
 10122 | D:12     | Found a runed translucent door.
 10122 | D:12     | Noticed Crownlay's ghost (journeyman HOFi)
 10184 | D:12     | Slain by a titanic slime creature

Illustrated notes

Levels and vault maps discovered:
D:1:      eino_arrival_cavern_e, layout_rooms,
          chequers_ecumenical_altar_simple_redux, fountainhead
D:2:      layout_basic, serial_shops, shop, basic_altar, hex_tiny
D:3:      layout_basic, serial_shops, nicolae_shop_waterfront
D:4:      minmay_recursive_quarters, layout_basic
D:5:      layout_rooms, st_stairs_8
D:6:      layout_rooms, gup_sewer_entry_pipe, uniq_grinder
D:7:      layout_cave_pools, temple_statues, serial_gnoll_camp,
          gnoll_camp_huts_moat, gnoll_camp_mini_doghouse, gnoll_camp_mini_hut,
          gnoll_camp_mini_hut
D:8:      layout_rooms, fiery_altar_vehumet
D:9:      layout_gridville, kennysheep_generic_room_12, uniq_erica
D:10:     layout_roguey, uniq_josephine
D:11:     layout_stronghold, minmay_lair_entry_grove, david_orc_2, uniq_fannar
D:12:     layout_gridville, gammafunk_ghost_grave, nrook_mini_vaults,
          uniq_psyche

Skill      XL: |  1  2  3  4  5  6  7  8  9 10 11 12 |
---------------+-------------------------------------+-----
Long Blades    | 3 4 5 7 8 10 11 | 11.8
Dodging        | 2 3 4 5 6 7 |  7.7
Armour         | 3 4 5 7 8 9 10 | 10.1
Fighting       | 4 5 6 7 8 10 | 10.3

Action                   |  1- 3 |  4- 6 |  7- 9 | 10-12 || total
-------------------------+-------+-------+-------+-------++-------
Melee: Falchion          |    74 |   183 |   323 |   279 ||   859
       Great sword       |       |       |       |    55 ||    55
       Scimitar          |       |       |       |     7 ||     7
       Triple sword      |       |       |       |     4 ||     4
Invok: Berserk           |       |     2 |     1 |     5 ||     8
       Trog's Hand       |       |     2 |       |     2 ||     4
Evoke: Wand              |       |       |     7 |     6 ||    13
  Use: Scroll            |     3 |     9 |     2 |     3 ||    17
 Stab: Paralysed         |       |       |     2 |     6 ||     8
Armor: Animal skin       |     6 |       |       |       ||     6
       Ring mail         |    25 |   104 |       |       ||   129
       Scale mail        |       |     9 |   146 |   209 ||   364
Dodge: Dodged            |    51 |   151 |   328 |   286 ||   816
Block: Other             |     5 |       |       |       ||     5
       Rpst.: Falchion   |    17 |    53 |    77 |    65 ||   212
       Great sword       |       |       |       |    11 ||    11
       Scimitar          |       |       |       |     1 ||     1
       Triple sword      |       |       |       |     1 ||     1
